 Dungeon Crawl Stone Soup version 0.30-a0-739-gea05faddec (webtiles) character file.

Game seed: 16924575012519120102

139 gelatine the Stinger (level 5, -2/35 HPs)
             Began as a Demonspawn Venom Mage on Feb 4, 2023.
             Slain by a mummy (11 damage)
             ... in an ossuary.
             The game lasted 00:06:59 (3660 turns).

gelatine the Stinger (Demonspawn Venom Mage)        Turns: 3660, Time: 00:07:00

Health: -2/35      AC:  4    Str:  8    XL:     5   Next: 1%
Magic:  9/9        EV: 12    Int: 19    God:
Gold:   191        SH:  0    Dex: 13    Spells: 7/10 levels left

rFire   . . .      SeeInvis .    s - +0 hand axe
rCold   + . .      Faith    .    (no shield)
rNeg    . . .      Spirit   .    a - +0 robe
rPois   .          Reflect  .    (helmet restricted)
rElec   .          Harm     .    f - +0 cloak
rCorr   .          Rampage  .    o - +0 pair of gloves
Will    .....                    (no boots)
Stlth   ++                       g - amulet of regeneration
HPRegen 1.05/turn                r - ring of protection from cold
MPRegen 0.11/turn                (no ring)

@: no status effects
A: horns 1, spiny 1
a: no special abilities


You were in an ossuary.
You visited 1 branch of the dungeon, and saw 4 of its levels.
You also visited: Ossuary.

You collected 191 gold pieces.

Inventory:

Hand Weapons
 s - a +0 hand axe (weapon)
Armour
 a - a +0 robe (worn)
 f - a +0 cloak (worn)
 o - a +0 pair of gloves (worn)
 p - a +0 kite shield
Magical Staves
 n - a staff of fire
Jewellery
 g - an amulet of regeneration (around neck)
 r - a ring of protection from cold (left hand)
 x - an amulet of faith
Scrolls
 c - a scroll of acquirement {unknown}
 d - a scroll of magic mapping {unknown}
 e - 3 scrolls of fear {unknown}
 h - a scroll of vulnerability {unknown}
 i - 2 scrolls of blinking {unknown}
 k - 3 scrolls of teleportation {unknown}
 l - 2 scrolls of identify {unknown}
 m - 2 scrolls of fog {unknown}
 t - a scroll of poison {unknown}
Potions
 b - a potion of magic
 j - a potion of heal wounds {unknown}
 q - 2 potions of curing {unknown}
 u - a potion of cancellation {unknown}
 v - 2 potions of degeneration {unknown}
 w - a potion of attraction {unknown}
 z - a potion of mutation {unknown}


   Skills:
 * Level 0.1 Fighting
 + Level 0.1 Axes
 * Level 1.9 Dodging
 + Level 2.0 Stealth
 + Level 0.2 Unarmed Combat
 + Level 3.2 Spellcasting
 * Level 2.0 Transmutations
 * Level 4.1 Poison Magic


You had 7 spell levels left.
You knew the following spells:

 Your Spells              Type           Power      Damage    Failure   Level
a - Sting                 Tmut/Pois      56%        1d5       4%          1
b - Poisonous Vapours     Pois/Air       20%        N/A       10%         2

Your spell library contained the following spells:

 Spells                   Type           Power      Damage    Failure   Level
 Ignite Poison            Fire/Tmut/Pois 10%        N/A       19%         3
 Mephitic Cloud           Conj/Pois/Air  8%         N/A       26%         3
 Olgreb's Toxic Radiance  Pois           18%        N/A       28%         4
 Sticky Flame             Conj/Fire      3%         2d3       83%         4
 Ignition                 Fire           1%         3d3       100%        8


Dungeon Overview and Level Annotations

Branches:
Dungeon (4/15)             Temple (0/1) D:4         Ossuary (1/1)

Altars:
Dithmenos
Ru
Xom


Innate Abilities, Weirdness & Mutations

You have a pair of small horns on your head.
You are partially covered in sharp spines.


Message History

The gnoll skeleton is struck by your spines.
The gnoll skeleton misses you.
You hit the gnoll skeleton. You headbutt the gnoll skeleton.
The gnoll skeleton is severely damaged.
The gnoll skeleton is struck by your spines.
You destroy the gnoll skeleton!
There is an open door here.
Magic restored.
You open the door.
A mummy comes into view.
Found a scroll labelled NAPHAU QIUSA.
You can't see any susceptible monsters within range! (Use Z to cast anyway.)
There is an open door here.
The mummy misses you.
You hit the mummy but do no damage.
You headbutt the mummy, but do no damage.
You hit the mummy but do no damage. The mummy is struck by your spines.
The mummy barely misses you.
You hit the mummy but do no damage.
The mummy is lightly damaged.
The mummy is struck by your spines. The mummy hits you!
You hit the mummy. Your headbutt misses the mummy.
The mummy is heavily damaged.
The mummy barely misses you.
You hit the mummy.
The mummy is heavily damaged.
The mummy is struck by your spines. The mummy hits you!
You hit the mummy. Your headbutt misses the mummy.
The mummy is severely damaged.
You hit the mummy but do no damage.
The mummy is severely damaged.
The mummy hits you but does no damage.
You barely miss the mummy.
The mummy is severely damaged.
The mummy hits you!
* * * LOW HITPOINT WARNING * * *
You hit the mummy.
The mummy is almost destroyed.
The mummy hits you!
You die...

#'# ##.##
#...#####
+...'...##
#...###..##
##+## ##..#
##'# ##.##
#.@.# +.M.+
#...# ##.##
#+#


You could see a mummy.

Vanquished Creatures
  4 gnolls (D:3)
  3 adders
  2 worms
  2 dart slugs
  3 orcs (D:3)
  5 bats
  8 endoplasms
  A giant cockroach (D:2)
  3 goblins
  5 hobgoblins
  3 jackals (D:1)
  6 kobolds
  3 quokkas
  4 ball pythons
  2 frilled lizards (D:2)
  A gnoll skeleton (Ossuary)
  A kobold skeleton (Ossuary)
  5 rats
61 creatures vanquished.

Vanquished Creatures (others)
  5 dream sheep (D:3)
5 creatures vanquished.

Grand Total: 66 creatures vanquished

Notes
Turn   | Place    | Note
-------+----------+-------------------------------------------
     0 | D:1      | gelatine the Demonspawn Venom Mage began the quest for the
                  | Orb.
     0 | D:1      | Reached XP level 1. HP: 13/13 MP: 3/3
   495 | D:1      | Gained mutation: You are partially covered in sharp spines.
                  | [demonic ancestry]
   495 | D:1      | Reached XP level 2. HP: 19/19 MP: 3/5
   630 | D:1      | Reached skill level 1 in Transmutations
  1176 | D:2      | Found a faded altar of an unknown god.
  1188 | D:2      | Gained mutation: You have a pair of small horns on your
                  | head. [demonic ancestry]
  1188 | D:2      | Reached XP level 3. HP: 21/24 MP: 0/7
  2479 | D:3      | Noticed a dream sheep
  2479 | D:3      | Noticed a dream sheep
  2479 | D:3      | Noticed a dream sheep
  2479 | D:3      | Noticed a dream sheep
  2479 | D:3      | Noticed a dream sheep
  2479 | D:3      | Found a shimmering altar of Xom.
  2483 | D:3      | Killed a dream sheep
  2483 | D:3      | Killed a dream sheep
  2483 | D:3      | Killed a dream sheep
  2483 | D:3      | Killed a dream sheep
  2484 | D:3      | Killed a dream sheep
  2703 | D:3      | Learned a level 2 spell: Poisonous Vapours
  2751 | D:3      | Reached XP level 4. HP: 30/30 MP: 0/8
  3250 | D:3      | Found a shadowy altar of Dithmenos.
  3260 | D:3      | Reached skill level 4 in Poison Magic
  3297 | D:3      | Found a sacrificial altar of Ru.
  3495 | D:4      | Reached XP level 5. HP: 35/35 MP: 4/9
  3606 | D:4      | Found a staircase to the Ecumenical Temple.
  3617 | D:4      | Found a sand-covered staircase.
  3622 | Ossuary  | Entered an ossuary
  3660 | Ossuary  | Slain by a mummy

Illustrated notes

Levels and vault maps discovered:
D:1:      minmay_arrival_doors, layout_basic, minmay_misc_feat_cross,
          st_stairs_3
D:2:      layout_loops_corners, hellmonk_ecumenical_altar_zigzags,
          corexii_leaking_fountain
D:3:      layout_basic, kb_xom_exploding_sheep, jmf_multi_god_temple
D:4:      layout_rooms, mainiacjoe_overflow_alcove_1,
          mainiacjoe_overflow_concentric_impassable, zin_treasury,
          temple_fountains, enter_ossuary_5, kennysheep_generic_room_7,
          uniq_pikel
Ossuary:  ossuary_due_small_catacomb

Skill      XL: |  1  2  3  4 |
---------------+-------------+-----
Transmutations | 1 2 |  2.0
Stealth        | 2 |  2.0
Spellcasting   | 3 |  3.2
Poison Magic   | 4 |  4.1
Fighting       | |  0.1
Axes           | |  0.1
Dodging        | |  1.9
Unarmed Combat | |  0.2

Action                     |  1- 3 |  4- 6 || total
---------------------------+-------+-------++-------
  Melee: Unarmed           |    20 |       ||    20
         Hand axe          |     2 |    37 ||    39
         Headbutt          |     1 |     8 ||     9
   Cast: Sting             |    88 |    28 ||   116
         Poisonous Vapours |     2 |     1 ||     3
   Stab: Sleeping          |       |     1 ||     1
 Armour: Robe              |     9 |     9 ||    18
  Dodge: Dodged            |    29 |    27 ||    56

Table legend: (Time is in decaauts)
 A = Elapsed time spent in this place.
 B = Non-inter-level travel time spent in this place.
 C = Inter-level travel time spent in this place.
 D = Time resting spent in this place.
 E = Time spent auto-exploring this place.
 F = Levels seen in this place.
 G = Mean time per level.
                   A        B        C        D        E       F      G
               +--------+--------+--------+--------+--------+-----+--------+
         Total |   3669 |   3607 |     62 |      0 |   3071 |   5 |  733.8 |
       Dungeon |   3628 |   3566 |     62 |      0 |   3055 |   4 |  907.0 |
       Ossuary |     41 |     41 |      0 |      0 |     16 |   1 |   41.0 |
               +--------+--------+--------+--------+--------+-----+--------+

Top non-repeatable levels by time:
     D:3: 1333 daAuts
     D:2: 1159 daAuts
     D:1: 998 daAuts
     D:4: 137 daAuts
 Ossuary: 41 daAuts
